Map: Pillars of Gold LE

Players

ShoWTimE

  • Race: Protoss Protoss
  • League: Grandmaster
  • Spawn Location: 1:00

Van (Vanya) - Winner!

  • Race: Zerg Zerg
  • League: Master
  • Spawn Location: 7:00

Event: DreamHack SC2 Masters 2020 Fall

VOD

Have the link to the VOD?

Description

Time

  • Played on: Sept. 3, 2020, 1:34 p.m.
  • Length: 10:08

All games in this series

Show
View Real Time Build Order
Export as new Build Order

ShoWTimE Protoss 

Build Orders: 1 Gate Expand, Mass Adepts 

Get SALT Encoding   

  12  0:00  Probe  
  13  0:12  Probe  
  14  0:19  Pylon  
  14  0:24  Probe  
  15  0:37  Probe (Chrono Boost)  
  15  0:40  Gateway  
  16  0:49  Probe (Chrono Boost)  
  17  0:50  Assimilator  
  17  0:54  Probe (Chrono Boost)  
  18  1:03  Probe  
  19  1:15  Probe  
  20  1:29  Nexus  
  20  1:39  Cybernetics Core  
  20  1:42  Probe  
  21  1:47  Assimilator  
  21  1:54  Probe  
  22  1:56  Pylon  
  22  2:06  Probe (Chrono Boost)  
  23  2:13  Adept (Chrono Boost)  
  23  2:16  Warp Gate  
  23  2:18  Probe (Chrono Boost)  
  26  2:23  Probe (Chrono Boost)  
  26  2:28  Twilight Council  
  27  2:32  Probe  
  27  2:36  Stalker (Chrono Boost)  
  28  2:42  Probe  
  31  2:44  Probe  
  32  2:54  Probe  
  32  2:56  Probe  
  34  2:59  Robotics Facility  
  34  3:06  Probe  
  34  3:08  Resonating Glaives (Chrono Boost), Probe  
  36  3:17  Gateway  
  36  3:19  Probe (Chrono Boost)  
  37  3:25  Adept  
  40  3:27  Probe (Chrono Boost)  
  40  3:31  Probe (Chrono Boost)  
  41  3:37  Gateway, Probe x2 (Chrono Boost)  
  43  3:42  Gateway  
  43  3:48  Warp Prism (Chrono Boost)  
  45  3:56  Pylon  
  45  3:57  Probe  
  45  4:01  Pylon  
  46  4:04  Assimilator  
  46  4:06  Assimilator  
  46  4:14  Adept x2  
  46  4:15  Probe  
  46  4:16  Probe  
  52  4:19  Pylon  
  52  4:24  Observer  
  53  4:29  Probe x2  
  55  4:35  Adept x3  
  55  4:37  Adept  
  63  4:40  Pylon  
  63  4:48  Probe  
  65  4:54  Pylon  
  65  4:59  Adept x4  
  72  5:02  Probe  
  72  5:03  Probe  
  74  5:20  Sentry x3  
  80  5:21  Sentry  
  80  5:22  Immortal (Chrono Boost)  
  80  5:26  Pylon  
  86  5:35  Pylon  
  86  5:42  Nexus, Probe  
  83  5:43  Probe  
  84  5:52  Immortal (Chrono Boost)  
  84  5:57  Phoenix x2  
  82  5:59  Shield Battery  
  82  6:00  Sentry x2  
  82  6:02  Shield Battery  
  86  6:05  Sentry  
  86  6:08  Probe x2  
  90  6:16  Pylon  
  90  6:20  Forge, Probe  
  90  6:21  Probe  
  92  6:26  Blink (Chrono Boost)  
  92  6:29  Robotics Bay  
  92  6:32  Probe  
  93  6:33  Probe  
  94  6:44  Probe  
  94  6:45  Probe  
  96  6:49  Stalker x2, Protoss Ground Weapons Level 1 (Chrono Boost), Pylon  
  100  6:55  Probe (Chrono Boost)  
  100  6:57  Probe (Chrono Boost)  
  100  7:00  Probe (Chrono Boost)  
  103  7:07  Probe (Chrono Boost)  
  105  7:08  Probe (Chrono Boost)  
  105  7:11  Probe (Chrono Boost)  
  105  7:12  Gateway, Probe (Chrono Boost)  
  105  7:13  Gateway, Probe (Chrono Boost)  
  108  7:20  Assimilator, Probe  
  108  7:21  Probe  
  110  7:24  Assimilator, Probe  
  110  7:28  Colossus  
  117  7:32  Probe  
  117  7:33  Probe  
  117  7:36  Stalker x2  
  121  7:46  Phoenix  
  117  7:53  Photon Cannon  
  117  7:55  Photon Cannon  
  117  7:56  Photon Cannon  
  117  8:00  Stalker x2  
  117  8:01  Stalker x2  
  117  8:02  Extended Thermal Lance (Chrono Boost)  
  117  8:04  Pylon  
  125  8:06  Pylon  
  125  8:10  Shield Battery  
  125  8:12  Shield Battery  
  125  8:16  Gateway  
  125  8:17  Gateway  
  125  8:20  Pylon  
  125  8:21  Colossus (Chrono Boost)  
  125  8:25  Phoenix  
  131  8:30  Stalker x2  
  135  8:36  Sentry  
  135  8:37  Sentry  
  139  8:44  Stalker  
  139  8:45  Stalker  
  143  8:51  Pylon  
  143  8:53  Nexus  
  143  8:58  Pylon  
  143  8:59  Stalker x2  
  143  9:00  Pylon  
  147  9:05  Stalker x2  
  151  9:11  Colossus  
  157  9:21  Stalker  
  157  9:22  Stalker  
  161  9:26  Stalker  
  157  9:37  Stalker x4  
  136  9:44  Stalker  
  120  9:50  Stalker x2  
  93  9:55  Stalker  
  73  10:00  Stalker x2  
Show
View Real Time Build Order
Export as new Build Order

Van Zerg - Winner!

Build Orders: Hatch First 

Get SALT Encoding   

  12  0:00  Drone  
  13  0:13  Overlord  
  13  0:17  Drone  
  14  0:31  Drone x2  
  17  0:42  Drone  
  17  0:52  Hatchery  
  17  0:56  Drone  
  17  1:00  Drone  
  18  1:10  Extractor  
  17  1:15  Spawning Pool  
  17  1:18  Drone  
  17  1:22  Drone  
  18  1:29  Drone  
  20  1:40  Drone  
  20  1:50  Overlord  
  20  2:02  Queen  
  20  2:04  Queen  
  20  2:05  Zergling x4  
  26  2:13  Drone, Metabolic Boost  
  27  2:16  Drone  
  28  2:23  Drone  
  28  2:28  Drone  
  30  2:39  Hatchery  
  30  2:42  Drone  
  30  2:50  Queen  
  32  2:56  Overlord  
  32  2:59  Drone  
  32  3:02  Drone x2  
  32  3:04  Drone  
  36  3:16  Drone x2  
  36  3:19  Overlord  
  38  3:20  Drone  
  38  3:21  Drone  
  40  3:28  Overlord  
  40  3:31  Drone x2  
  40  3:33  Roach Warren  
  41  3:35  Extractor  
  41  3:36  Drone  
  41  3:41  Drone  
  41  3:45  Drone  
  41  3:46  Drone  
  41  3:48  Drone x2  
  46  3:52  Drone x2  
  48  3:59  Drone x2  
  48  4:00  Overlord  
  50  4:13  Spore Crawler  
  50  4:14  Roach  
  50  4:15  Roach x3, Spore Crawler  
  50  4:16  Spore Crawler  
  55  4:19  Drone  
  55  4:21  Roach  
  55  4:23  Zergling x4  
  60  4:25  Zergling x2  
  60  4:29  Zergling x4  
  63  4:34  Overlord  
  63  4:39  Overlord  
  63  4:42  Zergling x6  
  66  4:48  Overlord  
  66  4:53  Ravager  
  66  4:54  Ravager x2  
  66  4:55  Zergling x2  
  66  4:56  Zergling x8  
  66  4:58  Lair  
  74  5:05  Overlord  
  74  5:06  Zergling x6  
  77  5:12  Roach x2  
  81  5:19  Roach x3  
  81  5:21  Drone, Overlord  
  88  5:25  Drone x2  
  88  5:28  Roach  
  92  5:34  Drone x3  
  89  5:43  Drone x7  
  91  5:53  Drone x5  
  90  6:02  Drone, Extractor  
  90  6:03  Drone, Extractor, Spire  
  89  6:04  Drone  
  89  6:07  Drone x2  
  89  6:11  Drone x3  
  95  6:14  Extractor  
  95  6:16  Extractor  
  95  6:18  Drone, Overseer  
  94  6:20  Drone x3, Overlord  
  97  6:27  Drone x5  
  102  6:33  Drone  
  102  6:35  Overlord  
  102  6:36  Drone  
  104  6:49  Overlord  
  104  6:50  Evolution Chamber, Roach x3  
  104  6:53  Overlord  
  110  6:54  Overlord  
  110  6:55  Roach x2, Hatchery  
  110  6:56  Ravager x2  
  115  7:01  Baneling Nest  
  115  7:07  Queen  
  116  7:09  Zergling x12  
  116  7:12  Ravager x5  
  127  7:16  Zergling x4  
  127  7:18  Glial Reconstitution  
  127  7:20  Zerg Melee Weapons Level 1  
  127  7:21  Zergling x2  
  130  7:27  Zergling x12  
  136  7:32  Zergling x4  
  136  7:35  Overlord  
  138  7:38  Overlord  
  138  7:42  Zergling x4  
  137  7:48  Drone  
  137  7:50  Overlord, Centrifical Hooks  
  137  7:51  Overlord  
  138  7:56  Drone x3  
  138  7:57  Baneling x13  
  141  7:59  Zergling x4  
  143  8:07  Ravager x3, Zergling x2  
  143  8:08  Zergling x2  
  143  8:12  Zergling x4  
  150  8:19  Roach x3  
  156  8:23  Baneling x9  
  156  8:25  Overlord  
  156  8:26  Roach x5  
  166  8:32  Overlord  
  166  8:33  Zergling x8  
  170  8:36  Overlord  
  170  8:38  Baneling x7  
  170  8:44  Baneling x6  
  170  8:45  Zergling x6  
  173  8:51  Zergling x10  
  173  8:53  Baneling x4  
  178  8:58  Baneling x5  
  178  8:59  Zergling x2  
  178  9:00  Zergling x4  
  181  9:03  Zergling x6  
  181  9:05  Ravager  
  181  9:09  Zergling x10  
  190  9:16  Zergling x8  
  189  9:21  Baneling x11  
  174  9:34  Zergling x14  
  163  9:45  Roach x4, Zergling x6  
  154  9:48  Roach, Zergling x4  

Tags
 
Add a new tag
Caveats
  • Supply blocks, unpowered buildings, or Contaminate may cause inaccurate times.
  • Supply counts are checked every 10 seconds.